 Seeded DCSS version 0.26.0-16-gc1dbca0489 (webtiles) character file.

Game seed: 13272028084755988490 (custom seed)

435 thiole the Sneak (level 7, -4/41 HPs)
             Began as an Octopode Hedge Wizard on Jan 21, 2021.
             Slain by an orc
             ... wielding a +0 flail
              (5 damage)
             ... on level 5 of the Dungeon.
             The game lasted 00:09:23 (4215 turns).

thiole the Sneak (Octopode Hedge Wizard)            Turns: 4215, Time: 00:09:23

Health: -4/41      AC:  1    Str: 13    XL:     7   Next: 0%
Magic:  23/23      EV: 13    Int: 24    God:
Gold:   135        SH:  0    Dex: 12    Spells: 7/15 levels left

rFire    . . .     SeeInvis .   h - +0 dagger (flame)
rCold    . . .     Faith    .   (no shield)
rNeg     . . .     Spirit   .   b - +0 hat
rPois    .         Reflect  .   (no amulet)
rElec    .         Harm     .   m - ring of the Firefly {MP+9 Str+4 Int+6 Stlth+}
rCorr    .         Rampage  .   (no ring)
Will     .....                  (no ring)
Stlth    +++++.....             (no ring)
HPRegen  0.13/turn              (no ring)
MPRegen  0.18/turn              (no ring)
                                (no ring)
                                (no ring)

@: no status effects
A: almost no armour, stealthy swim, amphibious, 8 rings, constrict 8, camouflage
1, gelatinous body 1
a: no special abilities


You were on level 5 of the Dungeon.
You visited 2 branches of the dungeon, and saw 6 of its levels.

You collected 135 gold pieces.

Inventory:

Hand Weapons
 a - a +0 dagger
 h - a +0 dagger of flaming (weapon)
Armour
 b - a +0 hat (worn)
Jewellery
 m - the ring of the Firefly (left tentacle) {MP+9 Str+4 Int+6 Stlth+}
   (You found it on level 5 of the Dungeon)

   [ring of intelligence]

   It affects your strength (+4).
   It affects your intelligence (+6).
   It affects your magic capacity (+9).
   It makes you more stealthy.
Wands
 l - a wand of enslavement (7)
 p - a wand of digging (5)
Scrolls
 d - a scroll of remove curse
 g - 2 scrolls of identify {unknown}
 j - a scroll of magic mapping {unknown}
 k - a scroll of fear {unknown}
 n - a scroll of noise {unknown}
 o - a scroll of enchant armour {unknown}
 q - a scroll of teleportation {unknown}
 r - 3 scrolls of immolation {unknown}
 s - a scroll of amnesia {unknown}
 t - a scroll of enchant weapon {unknown}
 w - a scroll of blinking {unknown}
Potions
 c - a potion of haste {unknown}
 e - 3 potions of lignification {unknown}
 f - 4 potions of curing {unknown}
 i - 2 potions of brilliance {unknown}
 u - a potion of flight {unknown}
 v - a potion of might {unknown}


   Skills:
 - Level 2.1 Dodging
 + Level 6.1 Stealth
 + Level 4.7 Spellcasting
 - Level 2.0 Conjurations
 - Level 2.0 Summonings
 - Level 1.2 Translocations
 * Level 2.5 Air Magic


You had 7 spell levels left.
You knew the following spells:

 Your Spells              Type           Power        Failure   Level
a - Magic Dart            Conj           60%          4%          1
b - Call Imp              Summ           15%          6%          2
c - Slow                  Hex            5%           14%         2
d - Mephitic Cloud        Conj/Pois/Air  13%          14%         3

Your spell library contained the following spells:

 Spells                   Type           Power        Failure   Level
 Sandblast                Erth           10%          9%          1
 Blink                    Tloc           N/A          9%          2
 Passwall                 Tmut/Erth      4%           14%         2
 Conjure Flame            Conj/Fire      10%          19%         3
 Stone Arrow              Conj/Erth      20%          19%         3
 Petrify                  Tmut/Erth      5%           65%         4
 Lee's Rapid Deconstruct  Erth           2%           94%         5


Dungeon Overview and Level Annotations

Branches:
Dungeon (5/15)             Temple (1/1) D:4

Altars:
Ashenzari
Cheibriados
Dithmenos
Elyvilon
Fedhas
Gozag
Hepliaklqana
Kikubaaqudgha
Makhleb
Okawaru
Qazlal
Sif Muna
Trog
Uskayaw
Vehumet
Wu Jian
Xom
Yredelemnul
The Shining One


Innate Abilities, Weirdness & Mutations

You cannot wear most types of armour.
You are very stealthy in the water. (Stealth+)
You are amphibious.
You can wear up to eight rings at the same time.
You can use your tentacles to constrict eight enemies at once.
Your skin changes colour to match your surroundings (Stealth+).
Your rubbery body absorbs attacks. (AC +1, EV +1)


Message History

The orc hits you with a +0 dagger of pain.
The orc hits you with a +0 club. The orc completely misses you.
Aiming: Enslavement
Press: ? - help, Shift-Dir - straight line, f - orc wizard
Aim: an orc wizard, wielding a +0 dagger and wearing a +0 robe (lightly wounded, constricted by you, chance to affect: 46%)
The orc wizard resists with some effort.
You constrict the orc wizard. The orc hits you but does no damage.
The orc wizard barely misses you. The orc barely misses you.
The adder skeleton closely misses you. The orc hits you with a +0 flail!
As you read the scroll labelled LEPEUTZ ISHA, it crumbles to dust.
You feel blessed for a moment.
It was a scroll of remove curse.
You constrict the orc wizard. The orc wizard barely misses you.
The orc hits you with a +0 dagger of pain.
* * * LOW HITPOINT WARNING * * *
The adder skeleton bites you.
* * * LOW HITPOINT WARNING * * *
The orc hits you with a +0 club.
* * * LOW HITPOINT WARNING * * *
The orc hits you with a +0 flail.
You die...

#########
#..[....#
#....oo.#
#....@o.#
#...Z.o.#
#...?...#
..........#
.......(..#
..........#
...........
............


You could see an orc wizard, 3 orcs and an adder skeleton.

Vanquished Creatures
  A bullfrog (D:4)
  A scorpion (D:3)
  A worker ant (D:2)
  4 adders
  3 gnolls (D:4)
  2 oozes
  A worm (D:5)
  5 dart slugs
  2 leopard geckos
  3 orcs
  3 ball pythons
  8 bats
  2 giant cockroaches
  11 goblins
  6 hobgoblins
  2 jackals (D:4)
  6 kobolds
  5 quokkas
  4 frilled lizards
  9 rats
79 creatures vanquished.

Vanquished Creatures (collateral kills)
  A phantom (D:4)
  2 iguanas (D:4)
  A worker ant (D:4)
  Robin (D:4)
  A gnoll (D:4)
  2 goblins (D:4)
  A hobgoblin (D:4)
9 creatures vanquished.

Grand Total: 88 creatures vanquished

Notes
Turn   | Place    | Note
-------+----------+-------------------------------------------
     0 | D:1      | thiole the Octopode Hedge Wizard began the quest for the
                  | Orb.
     0 | D:1      | Reached XP level 1. HP: 11/11 MP: 4/4
   276 | D:1      | Reached XP level 2. HP: 14/17 MP: 1/6
   368 | D:1      | Reached skill level 3 in Stealth
   787 | D:1      | Reached XP level 3. HP: 18/21 MP: 1/7
  1271 | D:2      | Reached XP level 4. HP: 27/27 MP: 2/9
  1383 | D:2      | Learned a level 2 spell: Call Imp
  1386 | D:2      | Learned a level 2 spell: Slow
  1390 | D:2      | Learned a level 3 spell: Mephitic Cloud
  1579 | D:2      | Reached skill level 4 in Stealth
  1938 | D:4      | Noticed a bullfrog
  2090 | D:3      | Found a broken altar of Ashenzari.
  2214 | D:5      | Entered Level 5 of the Dungeon
  2226 | D:5      | Reached XP level 5. HP: 21/31 MP: 3/10
  2249 | D:5      | Got a pitted bronze ring
  2250 | D:5      | Identified the ring of the Firefly {MP+9 Str+4 Int+6
                  | Stlth+} (You found it on level 5 of the Dungeon)
  2310 | D:4      | Noticed Robin
  2324 | D:4      | Killed Robin
  2363 | D:4      | Reached skill level 5 in Stealth
  2600 | D:4      | Reached XP level 6. HP: 36/36 MP: 12/12
  2687 | D:4      | Noticed a phantom
  2690 | D:4      | Found a staircase to the Ecumenical Temple.
  2704 | Temple   | Entered the Ecumenical Temple
  2851 | D:4      | Killed a phantom
  2852 | D:4      | Reached skill level 1 in Air Magic
  3419 | D:4      | Reached skill level 6 in Stealth
  3536 | D:4      | Noticed a phantom
  3891 | D:3      | Reached XP level 7. HP: 41/41 MP: 14/14
  4215 | D:5      | HP: 1/41 [orc/+0 club (5)]
  4215 | D:5      | Slain by an orc

Illustrated notes

Levels and vault maps discovered:
D:1:      nicolae_arrival_memento_mori, layout_loops_ring,
          hangedman_feature_mirror
D:2:      layout_basic, chequers_temple_overflow_statue_of_worship
D:3:      layout_rooms, nicolae_ashenzari_panopticon
D:4:      layout_basic, minmay_temple_entry_offerings, uniq_robin
D:5:      layout_rooms, ebering_ghost_reflecting_pool, uniq_grinder, uniq_ijyb
Temple:   regret_index_temple_mists

Skill      XL: |  1  2  3  4  5  6 |
---------------+-------------------+-----
Stealth        | 3 4 5 6 |  6.1
Conjurations   | 2 |  2.0
Summonings     | 2 |  2.0
Spellcasting   | 4 |  4.7
Air Magic      | 2 |  2.5
Dodging        | |  2.1
Translocations | |  1.2

Action                   |  1- 3 |  4- 6 |  7- 9 || total
-------------------------+-------+-------+-------++-------
Melee: Dagger            |    24 |    85 |     2 ||   111
       Tentacles         |     6 |    15 |       ||    21
       Constrict         |     6 |    16 |     1 ||    23
 Cast: Magic Dart        |    62 |    84 |     7 ||   153
       Call Imp          |       |    26 |       ||    26
       Slow              |       |     5 |       ||     5
Evoke: Wand              |       |       |     1 ||     1
  Use: Scroll            |       |       |     1 ||     1
 Stab: Sleeping          |     2 |       |       ||     2
       Distracted        |       |     1 |       ||     1
Armor: Skin              |       |     2 |     1 ||     3
Dodge: Dodged            |    16 |    44 |     6 ||    66
